 Dungeon Crawl Stone Soup version 0.27.1-3-gb3d3a73c9e (webtiles) character file.

Game seed: 16013990289142173830

130 Descartes the Shield-Bearer (level 5, 0/42 HPs)
             Began as a Formicid Fighter on Oct 23, 2021.
             Slain by a gnoll (10 damage)
             ... on level 3 of the Dungeon.
             The game lasted 00:04:55 (3152 turns).

Descartes the Shield-Bearer (Formicid Fighter)      Turns: 3152, Time: 00:04:56

Health: 0/42       AC:  7    Str: 21    XL:     5   Next: 36%
Magic:  7/7        EV:  8    Int:  8    God:
Gold:   96         SH:  9    Dex: 10    Spells: 5/6 levels left

rFire    . . .     SeeInvis +   a - +0 war axe
rCold    . . .     Faith    .   c - +0 kite shield
rNeg     . . .     Spirit   .   b - +0 scale mail
rPois    .         Reflect  .   (helmet unavailable)
rElec    .         Harm     .   (no cloak)
rCorr    .         Rampage  .   (no gloves)
Will     .....                  (no boots)
Stlth    ..........             (no amulet)
HPRegen  0.14/turn              (no ring)
MPRegen  0.10/turn              (no ring)

@: no status effects
A: permanent stasis, dig shafts and tunnels, antennae 3, four strong arms
a: Dig, Shaft Self


You were on level 3 of the Dungeon.
You visited 1 branch of the dungeon, and saw 3 of its levels.

You collected 96 gold pieces.

Inventory:

Hand Weapons
 a - a +0 war axe (weapon)
Missiles
 l - 42 stones
 r - 6 poisoned darts
Armour
 b - a +0 scale mail (worn)
 c - a +0 kite shield (worn)
Wands
 p - a wand of charming (11)
Scrolls
 g - a scroll of holy word {unknown}
 h - a scroll of amnesia {unknown}
 j - a scroll of teleportation {unknown}
 o - 2 scrolls of summoning {unknown}
 q - a scroll of fear {unknown}
 s - a scroll of identify {unknown}
Potions
 d - a potion of might
 e - 2 potions of attraction {unknown}
 f - a potion of magic {unknown}
 i - 2 potions of degeneration {unknown}
 k - 3 potions of brilliance {unknown}
 m - a potion of flight {unknown}
 n - a potion of invisibility


   Skills:
 + Level 3.8 Fighting
 + Level 2.6 Axes
 + Level 3.8 Armour
 * Level 4.5 Shields
 + Level 1.4 Spellcasting
 + Level 0.6 Fire Magic
 + Level 0.9 Earth Magic
 + Level 1.5 Poison Magic


You had 5 spell levels left.
You knew the following spells:

 Your Spells              Type           Power      Damage    Failure   Level
a - Foxfire               Conj/Fire      4%         2x1d4     93%         1

Your spell library contained the following spells:

 Spells                   Type           Power      Damage    Failure   Level
 Conjure Flame            Conj/Fire      1%         6-21      100%        3
 Inner Flame              Hex/Fire       1%         N/A       100%        3


Dungeon Overview and Level Annotations

Branches:
Dungeon (3/15)

Altars:
Uskayaw

Shops:
D:3 =


Innate Abilities, Weirdness & Mutations

You cannot be hasted, slowed, berserked, paralysed or teleported.
You can dig through walls and to a lower floor.
You have a pair of large antennae on your head. (SInv)
Your four strong arms can wield two-handed weapons with a shield.


Message History

You sense a monster nearby. 2 gnolls come into view.
The gnoll shouts!
The gnoll moves out of view.
A gnoll comes into view. It is wielding a +0 flail.
The gnoll shouts!
You hear a shout!
The gnoll hits you with a +0 club.
A gnoll comes into view. It is wielding a +0 spear.
You hit the gnoll.
The gnoll is moderately wounded.
You slash the gnoll!
You kill the gnoll!
You closely miss the gnoll. You block the gnoll's attack.
The gnoll hits you from afar with a +0 spear.
The gnoll hits you with a +0 flail!
You hit the gnoll.
The gnoll is lightly wounded.
The gnoll barely misses you. You block the gnoll's attack.
You barely miss the gnoll.
The gnoll is lightly wounded.
The gnoll hits you with a +0 flail. You block the gnoll's attack.
The gnoll barely misses you.
Your scale mail prevents you from hitting the gnoll.
The gnoll is lightly wounded.
The gnoll hits you from afar with a +0 spear.
The gnoll hits you with a +0 flail.
The gnoll hits you from afar with a +0 spear!
* * * LOW HITPOINT WARNING * * *
You are too injured to fight recklessly!
You are too injured to fight recklessly!
You are too injured to fight recklessly!
You are too injured to fight recklessly!
You are too injured to fight recklessly!
You are too injured to fight recklessly!
You are too injured to fight recklessly!
You are too injured to fight recklessly!
You are too injured to fight recklessly!
You are too injured to fight recklessly!
The gnoll hits you with a +0 flail!
You die...

#.#
###...##
#.#
#.......
####.###
#.......
##......#
#.......
#..##.#.#
########
#.###.###
#.# ♣.♣ g {
#.#♣♣.♣♣#.#
#...@..gg.#
###♣♣g♣♣#.#
♣.♣ #.# #..
## ### .. #


You could see 3 gnolls.

Vanquished Creatures
  Terence (D:2)
  A gnoll (D:3)
  3 adders
  A dart slug (D:1)
  5 ball pythons
  2 endoplasms
  2 giant cockroaches
  6 goblins (D:1)
  9 hobgoblins
  3 jackals (D:1)
  2 quokkas
  6 bats
  7 frilled lizards
  9 kobolds
  9 rats
66 creatures vanquished.

Notes
Turn   | Place    | Note
-------+----------+-------------------------------------------
     0 | D:1      | Descartes the Formicid Fighter began the quest for the Orb.
     0 | D:1      | Reached XP level 1. HP: 18/18 MP: 1/1
   235 | D:1      | Reached XP level 2. HP: 24/24 MP: 2/2
   265 | D:1      | Found a faded altar of an unknown god.
   396 | D:1      | Reached XP level 3. HP: 24/29 MP: 4/4
   515 | D:1      | Reached skill level 4 in Shields
   770 | D:1      | Reached skill level 1 in Spellcasting
  1110 | D:2      | Reached XP level 4. HP: 37/37 MP: 5/5
  1200 | D:2      | Reached skill level 1 in Poison Magic
  1287 | D:2      | Learned a level 1 spell: Foxfire
  1653 | D:2      | Found a hide-covered altar of Uskayaw.
  1686 | D:2      | Noticed Terence
  1695 | D:2      | HP: 1/37 [Terence (10)]
  2358 | D:2      | Killed Terence
  2359 | D:2      | Reached XP level 5. HP: 35/42 MP: 1/7
  2894 | D:3      | Found Fikhac's Jewellery Shoppe.
  3152 | D:3      | Slain by a gnoll

Illustrated notes

Levels and vault maps discovered:
D:1:      co_arrival_random_square_maze, layout_basic,
          chequers_ecumenical_altar_simple_redux
D:2:      layout_basic, basic_altar, chequers_serial_rivers_micro_b,
          minmay_tiny_reverse_x, uniq_terence
D:3:      layout_loops_cross, lightli_temple_of_fire,
          nicolae_qazlal_style_of_elements, ebering_ghost_disaster_area,
          serial_shops, shop, minmay_tree_intersection,
          chequers_decorated_corner, kennysheep_small_spiral,
          serial_park_tiny_1, uniq_crazy_yiuf_cottage

Skill      XL: |  1  2  3  4 |
---------------+-------------+-----
Shields        | 4 |  4.5
Spellcasting   | 1 |  1.4
Poison Magic   | 1 |  1.5
Fighting       | |  3.8
Axes           | |  2.6
Armour         | |  3.8
Fire Magic     | |  0.6
Earth Magic    | |  0.9

Action                   |  1- 3 |  4- 6 || total
-------------------------+-------+-------++-------
Melee: War axe           |    88 |   111 ||   199
Armor: Scale mail        |    37 |    49 ||    86
Dodge: Dodged            |    39 |    36 ||    75
Block: Kite shield       |    55 |    62 ||   117
